[Event "Titled Tuesday Blitz October 19 2021"]
[White "Cunha, Lucas Aguiar"]
[Black "Sjugirov, Sanan"]
[WhiteFideId "2125404"]
[BlackFideId "4189302"]
[WhiteElo "2361"]
[BlackElo "2654"]
[Result "0-1"]
[Round "07"]
[TimeControl "180+1"]
[Date "2021.10.19"]
[WhiteClock "0:00:30"]
[BlackClock "0:00:24"]

1. e4 c5 2. Nf3 d6 3. d4 cxd4 4. Qxd4 Nf6 5. e5 Nc6 6. Bb5 Qa5+ 7. Nc3 Qxb5 8. Nxb5 Nxd4 9. Nfxd4 dxe5 10. Nc7+ Kd7 11. Ndb5 Rb8 12. Be3 a6 13. Ba7 axb5 14. Bxb8 Kc6 15. O-O-O Nd7 16. Na8 g6 17. Kb1 Nxb8 18. Rd8 Bg7 19. Rhd1 Bd7 20. Rxh8 Bxh8 21. Rd3 e4 22. Ra3 Na6 23. f3 exf3 24. Rxf3 f5 25. Rh3 h5 26. Rg3 Be8 27. Rd3 Bf6 28. Rd8 Bd7 29. Rg8 g5 30. b3 f4 31. a4 bxa4 32. bxa4 g4 33. a5 f3 34. gxf3 gxf3 35. Rg1 Bh3 36. Nb6 f2 37. Rd1 f1=Q 38. Rxf1 Bxf1 39. Ka2 Bc3 40. Nc8 e5 41. Ne7+ Kc5 42. Nf5 Bc4+ 43. Kb1 Bxa5 44. Ng3 h4 45. Nf5 e4 46. Nxh4 e3 47. Nf3 e2 48. h4 Bd5 0-1


[Site "https://www.chess.com"]

[Event "Titled Tuesday Blitz October 19 2021"]
[White "De Silva, L M S T"]
[Black "Vlassov, Nikolai"]
[WhiteFideId "9953698"]
[BlackFideId "4103360"]
[WhiteElo "1621"]
[BlackElo "2407"]
[Result "1-0"]
[Round "07"]
[TimeControl "180+1"]
[Date "2021.10.19"]
[WhiteClock "0:02:01"]
[BlackClock "0:00:49"]

1. e4 Nc6 2. d4 d5 3. Nc3 e5 4. exd5 Nxd4 5. Be3 Nf5 6. Qd2 Nxe3 7. fxe3 Bd6 8. O-O-O Ne7 9. Kb1 O-O 10. e4 a6 11. Nf3 b5 12. h4 f5 13. exf5 Bxf5 14. Bd3 Bb4 15. Bxf5 Rxf5 16. a3 Ba5 17. Qd3 Qf8 18. Ne4 Rd8 19. Qb3 Kh8 20. Nfg5 Rd6 21. Nxd6 cxd6 22. Ne6 Qa8 23. Rhf1 h6 24. Rxf5 Nxf5 25. Qf3 g6 26. g4 1-0


[Site "https://www.chess.com"]

[Event "Titled Tuesday Blitz October 19 2021"]
[White "Erdogdu, Mert"]
[Black "Derraugh, Geordie"]
[WhiteFideId "6301495"]
[BlackFideId "2603950"]
[WhiteElo "2485"]
[BlackElo "2116"]
[Result "1-0"]
[Round "07"]
[TimeControl "180+1"]
[Date "2021.10.19"]
[WhiteClock "0:00:39"]
[BlackClock "0:00:08"]

1. e4 c5 2. Nf3 d6 3. d4 cxd4 4. Nxd4 Nf6 5. Nc3 a6 6. Be3 e5 7. Nb3 Be6 8. f3 Be7 9. Qd2 Nbd7 10. O-O-O b5 11. g4 Nb6 12. g5 Nh5 13. Kb1 O-O 14. Rg1 Na4 15. Nd5 Bxd5 16. exd5 Rc8 17. Bh3 Rc4 18. Bg4 Nf4 19. h4 f5 20. gxf6 Bxf6 21. c3 b4 22. cxb4 Qe8 23. Na5 Qg6+ 24. Ka1 Rc2 25. Be6+ Nxe6 26. Rxg6 Rxd2 27. Rxd2 hxg6 28. dxe6 e4 29. fxe4 Bxb2+ 30. Kb1 Rf1+ 31. Kc2 Be5 32. Kb3 Nc3 33. Nc4 Rb1+ 34. Kc2 Rxb4 35. Nxe5 dxe5 36. Kxc3 Rxe4 37. Rd8+ Kh7 38. Bg5 1-0


[Site "https://www.chess.com"]

[Event "Titled Tuesday Blitz October 19 2021"]
[White "Garcia Ramos, Daniel"]
[Black "Maly, Alexey"]
[WhiteFideId "32010311"]
[BlackFideId "14103184"]
[WhiteElo "2267"]
[BlackElo "2294"]
[Result "0-1"]
[Round "07"]
[TimeControl "180+1"]
[Date "2021.10.19"]
[WhiteClock "0:00:01"]
[BlackClock "0:00:26"]

1. c4 c5 2. Nf3 Nc6 3. Nc3 g6 4. d4 cxd4 5. Nxd4 Bg7 6. e3 Nf6 7. Be2 d6 8. O-O O-O 9. h3 Bd7 10. Re1 a6 11. b3 Rc8 12. Bb2 Qa5 13. Bf3 Rfe8 14. a3 Qg5 15. Kh1 Qh4 16. Qe2 g5 17. Nd5 Nxd5 18. Bxd5 g4 19. Rad1 Ne5 20. Bxb7 Rb8 21. Bd5 e6 22. Be4 f5 23. Nxf5 exf5 24. Rxd6 fxe4 25. Bxe5 Bxe5 26. Rxd7 Rf8 27. Qxg4+ Qxg4 28. hxg4 Rxb3 29. Re7 Bc3 30. Rd1 Rxf2 31. Rd8+ Rf8 32. Rxf8+ Kxf8 33. Rxe4 Rxa3 34. Re6 Kf7 35. Rc6 a5 0-1


[Site "https://www.chess.com"]

[Event "Titled Tuesday Blitz October 19 2021"]
[White "Ghimpu, Samuel-Timotei"]
[Black "Papasimakopoulos, Alexandros"]
[WhiteFideId "1238175"]
[BlackFideId "4244125"]
[WhiteElo "2012"]
[BlackElo "2352"]
[Result "1-0"]
[Round "07"]
[TimeControl "180+1"]
[Date "2021.10.19"]
[WhiteClock "0:01:40"]
[BlackClock "0:01:18"]

1. b3 e5 2. Bb2 Nc6 3. e3 Nf6 4. c4 d5 5. cxd5 Nxd5 6. a3 Be6 7. Qc2 Be7 8. Nf3 f6 9. Bb5 Bd7 10. O-O a6 11. Bc4 Nb6 12. Bd3 g6 13. h3 Be6 14. Rd1 Qd7 15. Bf1 O-O-O 16. d4 exd4 17. Nxd4 Nxd4 18. Bxd4 Bc5 19. Qxc5 Bxb3 20. Rc1 Kb8 21. Nd2 Be6 22. Rab1 Qa4 23. Qxc7+ 1-0


[Site "https://www.chess.com"]

[Event "Titled Tuesday Blitz October 19 2021"]
[White "Goltsev, Dmitry"]
[Black "Yilmaz, Mustafa"]
[WhiteFideId "24176710"]
[BlackFideId "6302718"]
[WhiteElo "2334"]
[BlackElo "2518"]
[Result "0-1"]
[Round "07"]
[TimeControl "180+1"]
[Date "2021.10.19"]
[WhiteClock "0:00:02"]
[BlackClock "0:00:41"]

1. e4 e5 2. Nf3 Nc6 3. Bb5 a6 4. Ba4 Nf6 5. O-O Be7 6. Re1 b5 7. Bb3 O-O 8. c3 d5 9. d4 Nxe4 10. Nxe5 Nxe5 11. dxe5 Bc5 12. Be3 Bxe3 13. Rxe3 c6 14. Nd2 Nxd2 15. Qxd2 Bf5 16. Bc2 Qd7 17. Bxf5 Qxf5 18. Qd3 Qxd3 19. Rxd3 Rfe8 20. f4 f6 21. exf6 gxf6 22. a4 Kf7 23. Rh3 Kg6 24. Rg3+ Kf5 25. Rh3 Re2 26. axb5 cxb5 27. Rxh7 Rg8 28. g3 Rge8 29. Rh5+ Kg4 30. Rh4+ Kf5 31. Rh5+ Kg6 32. Rxd5 Rxb2 33. Rd3 a5 34. h4 Kh5 35. c4 bxc4 36. Rxa5+ Kg4 37. Rd1 Ree2 38. Ra3 Rg2+ 39. Kh1 Rh2+ 40. Kg1 Rhc2 41. Kh1 c3 42. Kg1 Kh3 43. g4 Kxg4 44. f5 Kxh4 45. Rf1 Kg3 0-1


[Site "https://www.chess.com"]

[Event "Titled Tuesday Blitz October 19 2021"]
[White "Ibarra Jerez, Jose Carlos"]
[Black "Mischuk, Dmitry"]
[WhiteFideId "2226332"]
[BlackFideId "14118734"]
[WhiteElo "2626"]
[BlackElo "2369"]
[Result "1-0"]
[Round "07"]
[TimeControl "180+1"]
[Date "2021.10.19"]
[WhiteClock "0:00:05"]
[BlackClock "0:00:17"]

1. Nf3 d5 2. e3 Nd7 3. c4 c6 4. d4 e6 5. Nc3 Ngf6 6. Qc2 Bd6 7. b3 O-O 8. Be2 b6 9. Bb2 Bb7 10. O-O Qe7 11. Rad1 Rfe8 12. Rfe1 Rad8 13. e4 dxe4 14. Nxe4 Nxe4 15. Qxe4 Nf6 16. Qh4 Bb4 17. Rf1 Ba3 18. Ba1 c5 19. Ne5 cxd4 20. Bxd4 Bc5 21. Bb2 Ne4 22. Qxe7 Bxe7 23. Bf3 Bc5 24. Nd7 Bb4 25. Rd4 f5 26. Rfd1 Be7 27. b4 e5 28. Nxe5 Rxd4 29. Rxd4 Bxb4 30. Rd7 Bc8 31. Rxa7 Bc5 32. Nd3 Bf8 33. g3 Be6 34. Ne5 Rc8 35. Be2 Nd6 36. Ra6 Nxc4 37. Nxc4 Bxc4 38. Bxc4+ Rxc4 39. Rxb6 Rc2 40. Rb7 g6 41. a4 Bc5 42. Bf6 Rxf2 43. Kh1 Ra2 44. Rg7+ Kf8 45. Rc7 Be3 46. Rxh7 g5 47. Rd7 g4 48. Rd8+ Kf7 49. Be5 Rxa4 50. Rd1 Re4 51. Bc3 Ke6 52. Kg2 Bc5 53. Rd2 Be3 54. Rc2 Kd5 55. Ra2 Rc4 56. Be1 Ke4 57. Ra3 Bd4 58. Ra2 Be5 59. Bf2 Kd5 60. Rd2+ Ke4 61. Re2+ Kd5 62. h3 gxh3+ 63. Kxh3 Rc3 64. Kg2 Bd6 65. Rd2+ Ke6 66. Re2+ Kf6 67. Rd2 Be5 68. Re2 f4 69. gxf4 Kf5 70. fxe5 Rc6 71. Bg3 Re6 72. Rf2+ Ke4 73. Rf6 Re8 74. Kh3 Kd5 75. Kg4 Rg8+ 76. Kf3 Re8 77. Rd6+ Kc5 78. Ke4 Rg8 79. Bf4 Rg1 80. Be3+ 1-0


[Site "https://www.chess.com"]

[Event "Titled Tuesday Blitz October 19 2021"]
[White "Iskusnyh, Sergei"]
[Black "Wagner, Dennis"]
[WhiteFideId "4120027"]
[BlackFideId "24650684"]
[WhiteElo "2492"]
[BlackElo "2355"]
[Result "0-1"]
[Round "07"]
[TimeControl "180+1"]
[Date "2021.10.19"]
[WhiteClock "0:00:10"]
[BlackClock "0:00:14"]

1. d4 Nf6 2. c4 g6 3. g3 Bg7 4. Bg2 d5 5. cxd5 Nxd5 6. Nf3 Nb6 7. O-O Nc6 8. Nc3 O-O 9. e3 Re8 10. h3 e5 11. d5 Na5 12. e4 c6 13. Bg5 f6 14. Be3 Nac4 15. Bc1 cxd5 16. exd5 Nd6 17. b3 f5 18. Bg5 Qd7 19. Rc1 e4 20. Nd4 Nf7 21. Be3 Nxd5 22. Nxd5 Qxd5 23. Rc7 Be5 24. Rc4 Bd7 25. Nxf5 Qxd1 26. Nh6+ Nxh6 27. Rxd1 Be6 28. Rc5 Nf7 29. Bxe4 Rad8 30. Rxd8 Rxd8 31. Bxb7 Bxh3 32. Ra5 h5 33. Rxa7 h4 34. Kh2 Bf5 35. f4 Rd3 36. fxe5 hxg3+ 37. Kg2 Rxe3 38. Bd5 Be4+ 39. Bxe4 Rxe4 40. a4 Nxe5 41. Kxg3 g5 42. a5 Re3+ 43. Kf2 Rxb3 44. a6 Ra3 45. Ra8+ Kg7 46. Ke2 g4 47. a7 g3 48. Re8 g2 49. Kf2 Ra2+ 0-1


[Site "https://www.chess.com"]

[Event "Titled Tuesday Blitz October 19 2021"]
[White "Jaracz, Pawel"]
[Black "Indjic, Aleksandar"]
[WhiteFideId "1102222"]
[BlackFideId "911925"]
[WhiteElo "2495"]
[BlackElo "2643"]
[Result "1/2-1/2"]
[Round "07"]
[TimeControl "180+1"]
[Date "2021.10.19"]
[WhiteClock "0:00:02"]
[BlackClock "0:00:06"]

1. e4 e5 2. Nf3 Nc6 3. Bb5 a6 4. Ba4 Bc5 5. d3 Nge7 6. O-O Ng6 7. c3 Ba7 8. Re1 d6 9. Bg5 f6 10. Be3 Bxe3 11. fxe3 O-O 12. Nbd2 Kh8 13. Rf1 Nce7 14. Rf2 Ng8 15. Nf1 Nh6 16. h3 c6 17. Ng3 Be6 18. Bb3 d5 19. exd5 cxd5 20. d4 e4 21. Nd2 f5 22. Ne2 b5 23. a4 Qd6 24. Qf1 Ne7 25. Nf4 Bf7 26. axb5 axb5 27. Rxa8 Rxa8 28. Qxb5 g5 29. Ne2 f4 30. Nf1 Nef5 31. exf4 g4 32. Nfg3 gxh3 33. gxh3 e3 34. Rf3 Qe6 35. Qb7 Rg8 36. Kh2 Nh4 37. Rf1 N6f5 38. Qc7 Bh5 39. Qe5+ Qxe5 40. fxe5 Bxe2 41. Rxf5 Rxg3 42. Rf8+ Rg8 43. Rxg8+ Kxg8 44. Bxd5+ Kf8 45. Kg3 Bh5 46. Bc4 Ng6 47. b4 Ke7 48. b5 Kd7 49. Bd3 e2 50. Kf2 Nf4 51. Bf5+ Kc7 52. Bg4 Bxg4 53. hxg4 h6 54. c4 Kb6 55. d5 Nd3+ 56. Kxe2 Nxe5 57. Ke3 Nxc4+ 58. Kf4 Kc5 59. g5 hxg5+ 60. Kxg5 Kxd5 61. b6 Nxb6 1/2-1/2


[Site "https://www.chess.com"]

[Event "Titled Tuesday Blitz October 19 2021"]
[White "Jobava, Baadur"]
[Black "Aradhya, Garg"]
[WhiteFideId "13601520"]
[BlackFideId "25006746"]
[WhiteElo "2731"]
[BlackElo "2146"]
[Result "1-0"]
[Round "07"]
[TimeControl "180+1"]
[Date "2021.10.19"]
[WhiteClock "0:01:40"]
[BlackClock "0:00:05"]

1. e4 e5 2. Nf3 Nc6 3. d4 exd4 4. Nxd4 Nf6 5. Nxc6 bxc6 6. Bd3 d5 7. exd5 cxd5 8. O-O Be7 9. Re1 O-O 10. h3 c5 11. Nd2 c4 12. Bf1 Bc5 13. Nf3 Qb6 14. Re3 Bf5 15. c3 Bxe3 16. Bxe3 Qxb2 17. Bd4 Ne4 18. Qe1 Rfe8 19. Rb1 Qxa2 20. Ra1 Qb3 21. Qc1 a5 22. g4 Bg6 23. h4 h5 24. Ne5 hxg4 25. Nxg4 f6 26. Bg2 Qb7 27. Qf4 Qb8 28. Qe3 Qd6 29. Qh3 a4 30. h5 Bh7 31. h6 g5 32. Bxe4 Rxe4 33. Nxf6+ Kf7 34. Nxh7 Kg6 35. Rb1 Rb8 36. Rxb8 Qxb8 37. Nf6 a3 38. Nxe4 Qb1+ 39. Kh2 Qxe4 40. h7 Qf4+ 41. Kg2 Qxd4 42. cxd4 a2 43. h8=Q a1=Q 44. Q3h7# 1-0


[Site "https://www.chess.com"]

[Event "Titled Tuesday Blitz October 19 2021"]
[White "Kamsky, Gata"]
[Black "Gaehwiler, Gabriel"]
[WhiteFideId "2000024"]
[BlackFideId "1314530"]
[WhiteElo "2603"]
[BlackElo "2320"]
[Result "1-0"]
[Round "07"]
[TimeControl "180+1"]
[Date "2021.10.19"]
[WhiteClock "0:00:29"]
[BlackClock "0:00:06"]

1. d4 Nf6 2. Nf3 g6 3. c3 Bg7 4. Bg5 b6 5. Nbd2 Bb7 6. e3 O-O 7. Bd3 d5 8. O-O Nbd7 9. a4 c5 10. a5 Bc6 11. Qb1 Re8 12. b4 c4 13. Bc2 b5 14. Re1 Qc8 15. Bf4 Nh5 16. Bg3 Nxg3 17. hxg3 e5 18. dxe5 Nxe5 19. Nxe5 Bxe5 20. Qb2 a6 21. Nf3 Bg7 22. Rad1 Qc7 23. Nd4 Bb7 24. Rd2 Re7 25. Bd1 Rae8 26. Bf3 Be5 27. Ne2 Rd7 28. Red1 Red8 29. Qc2 Rd6 30. Nf4 Bxf4 31. gxf4 d4 32. Rxd4 Rxd4 33. cxd4 Bxf3 34. gxf3 c3 35. d5 Rc8 36. d6 Qb7 37. d7 Rd8 38. Kg2 Rxd7 39. Rxd7 Qxd7 40. Qxc3 h5 41. e4 Qd6 42. Kg3 Kh7 43. Qc5 Qe6 44. f5 Qf6 45. fxg6+ Qxg6+ 46. Kh4 Qf6+ 47. Qg5 Qxf3 48. Qxh5+ Qxh5+ 49. Kxh5 f6 50. Kg4 Kg6 51. Kf4 Kf7 52. Kf5 Ke7 53. f4 Kf7 54. e5 Ke7 55. e6 1-0


[Site "https://www.chess.com"]

[Event "Titled Tuesday Blitz October 19 2021"]
[White "Kezin, Roman"]
[Black "Svidler, Peter"]
[WhiteFideId "24124621"]
[BlackFideId "4102142"]
[WhiteElo "2557"]
[BlackElo "2709"]
[Result "0-1"]
[Round "07"]
[TimeControl "180+1"]
[Date "2021.10.19"]
[WhiteClock "0:00:51"]
[BlackClock "0:01:35"]

1. d4 Nf6 2. c4 g6 3. Nc3 d5 4. Nf3 Bg7 5. Bg5 Ne4 6. Bh4 Nxc3 7. bxc3 dxc4 8. Qa4+ Qd7 9. Qxc4 b6 10. e3 Ba6 11. Qb3 Bxf1 12. Kxf1 O-O 13. Ke2 Nc6 14. Rhd1 Na5 15. Qb4 Qd5 16. Bxe7 Rfe8 17. Bh4 Bf8 18. Qa4 Nc4 19. Kf1 Nb2 20. c4 Qxf3 21. Qxe8 Qxd1+ 22. Rxd1 Rxe8 23. Rc1 f5 24. Bg3 c6 25. Rc2 Na4 26. Be5 Kf7 27. f4 Ke6 28. Ke2 Kd7 29. Kf3 a6 30. g4 b5 31. c5 b4 32. h4 a5 33. h5 Nc3 34. Rh2 a4 35. hxg6 hxg6 36. Rb2 b3 37. axb3 a3 38. Rh2 a2 39. Rh1 Nb1 0-1


[Site "https://www.chess.com"]

[Event "Titled Tuesday Blitz October 19 2021"]
[White "Khanin, Semen"]
[Black "Papp, Levente"]
[WhiteFideId "4111990"]
[BlackFideId "751243"]
[WhiteElo "2436"]
[BlackElo "2308"]
[Result "1-0"]
[Round "07"]
[TimeControl "180+1"]
[Date "2021.10.19"]
[WhiteClock "0:01:47"]
[BlackClock "0:00:20"]

1. Nf3 Nf6 2. g3 d5 3. Bg2 c6 4. O-O Bg4 5. d3 Nbd7 6. c4 e5 7. cxd5 cxd5 8. Nc3 Qb6 9. h3 Be6 10. Ng5 Be7 11. Nxe6 fxe6 12. b3 O-O 13. Bb2 Rac8 14. e3 Qa5 15. Rc1 Ba3 16. Qd2 Bxb2 17. Qxb2 b5 18. b4 Qb6 19. a4 bxa4 20. Nxa4 Qb5 21. Qa3 Rb8 22. Nc5 Qxb4 23. Qxb4 Rxb4 24. Nxe6 Rfb8 25. Nc7 d4 26. Na6 h5 27. exd4 exd4 28. Rfe1 R8b6 29. Nxb4 Rxb4 30. Rc7 Kf8 31. Rxa7 Rb3 32. Bc6 Nc5 33. Ree7 1-0


[Site "https://www.chess.com"]

[Event "Titled Tuesday Blitz October 19 2021"]
[White "King, Alexander"]
[Black "Gabrielian, Artur"]
[WhiteFideId "2063620"]
[BlackFideId "4131002"]
[WhiteElo "2306"]
[BlackElo "2489"]
[Result "0-1"]
[Round "07"]
[TimeControl "180+1"]
[Date "2021.10.19"]
[WhiteClock "0:00:03"]
[BlackClock "0:01:40"]

1. d4 Nf6 2. c4 c5 3. d5 e6 4. Nc3 exd5 5. cxd5 d6 6. e4 g6 7. Nge2 h5 8. Bg5 a6 9. a4 Nbd7 10. Qd2 Bg7 11. Nf4 Qe7 12. Bd3 Qe5 13. Nfe2 Nh7 14. f4 Nxg5 15. fxe5 Nxe5 16. Qxg5 Nxd3+ 17. Kf1 Nxb2 18. e5 Bxe5 19. Ne4 Nc4 20. Rc1 b5 21. Nxc5 Bf5 22. Nb3 f6 23. Qh4 Ne3+ 24. Kf2 Ng4+ 25. Ke1 g5 26. Qh3 bxa4 27. Nbd4 Bd7 28. Qf3 Nxh2 29. Rxh2 Bxh2 30. Qxf6 Rf8 31. Qxd6 Bxd6 0-1


[Site "https://www.chess.com"]

[Event "Titled Tuesday Blitz October 19 2021"]
[White "Lazavik, Denis"]
[Black "Harshavardhan G B"]
[WhiteFideId "13515110"]
[BlackFideId "25059009"]
[WhiteElo "2436"]
[BlackElo "1825"]
[Result "0-1"]
[Round "07"]
[TimeControl "180+1"]
[Date "2021.10.19"]
[WhiteClock "0:00:31"]
[BlackClock "0:00:18"]

1. d4 d5 2. c4 c6 3. Nf3 Nf6 4. e3 e6 5. b3 Nbd7 6. Bd3 Ne4 7. O-O f5 8. Qc2 Bd6 9. Ba3 Bc7 10. Nc3 Nxc3 11. Qxc3 Qf6 12. b4 g5 13. b5 g4 14. Nd2 Bb6 15. bxc6 bxc6 16. cxd5 cxd5 17. Qc6 Rb8 18. Bd6 Bb7 19. Qa4 Rd8 20. Be5 Qf8 21. Bxh8 Qxh8 22. Bb5 Ke7 23. Nb3 Nf6 24. Qb4+ Kf7 25. a4 Bc8 26. a5 Bc7 27. Qc5 Bb8 28. g3 h5 29. Bc6 h4 30. Qb5 Bd6 31. Nc5 Qh6 32. Qd3 Rh8 33. Ra2 hxg3 34. fxg3 Bxg3 35. Rg2 Bxh2+ 36. Kf2 Qh3 37. Qd2 Qf3+ 38. Ke1 Bg3+ 39. Rxg3 Qxg3+ 40. Kd1 Rh2 41. Qc3 Qg2 42. Re1 g3 43. Nd3 Ne4 44. Be8+ Kf6 0-1


[Site "https://www.chess.com"]

[Event "Titled Tuesday Blitz October 19 2021"]
[White "Le, Tuan Minh"]
[Black "Praggnanandhaa R"]
[WhiteFideId "12401153"]
[BlackFideId "25059530"]
[WhiteElo "2450"]
[BlackElo "2599"]
[Result "0-1"]
[Round "07"]
[TimeControl "180+1"]
[Date "2021.10.19"]
[WhiteClock "0:00:05"]
[BlackClock "0:00:13"]

1. d4 d5 2. Nf3 Nf6 3. Bf4 c5 4. c3 Nc6 5. e3 Qb6 6. Qc2 g6 7. Nbd2 Bg7 8. Be2 O-O 9. O-O Nh5 10. Be5 Nxe5 11. Nxe5 Nf6 12. Rac1 Be6 13. Qb3 Rfc8 14. Rfd1 Qd6 15. h3 c4 16. Qa4 b5 17. Qa5 Qb6 18. Qxb6 axb6 19. a3 Ne4 20. Nxe4 dxe4 21. Ng4 Bd5 22. Nh2 f5 23. Nf1 e6 24. f3 Bh6 25. Kf2 Rf8 26. g3 g5 27. f4 Kh8 28. Nd2 Rg8 29. Rg1 Ra7 30. Rg2 Rag7 31. Rcg1 Rg6 32. Nf1 Bf8 33. h4 gxh4 34. gxh4 Be7 35. Rxg6 hxg6 36. Rh1 Kg7 37. Bd1 Rh8 38. Kg3 g5 39. fxg5 Bxg5 40. h5 Kh6 41. Rg1 Rf8 42. Kh3 Ra8 43. Be2 Rb8 44. Bd1 Rb7 45. Kg2 Rf7 46. Kh3 Rf8 47. Be2 Rd8 48. Bd1 Rd7 49. Rg2 Ra7 50. Rg1 Rf7 51. Rg2 f4 52. Nh2 f3 53. Ng4+ Kh7 54. Rg1 Rg7 55. Bc2 Bxe3 56. Re1 Bd2 57. Rf1 Kh8 58. h6 Rg6 59. Nf2 Rxh6+ 60. Kg4 e3 61. Ne4 e2 62. Nxd2 exf1=Q 63. Nxf1 Rh1 64. Ne3 f2 65. Kg3 f1=Q 66. Nxf1 Rxf1 67. a4 Rf3+ 68. Kh4 bxa4 69. Bxa4 Rf2 70. Kg5 Rxb2 71. Kf6 Ra2 72. Bd7 Ra3 73. Ke7 Rxc3 74. Kd6 Rd3 75. Ke5 c3 76. Ba4 Rd2 0-1


[Site "https://www.chess.com"]

[Event "Titled Tuesday Blitz October 19 2021"]
[White "Lugovskoy, Maxim"]
[Black "Palchuk, Andrii"]
[WhiteFideId "24126454"]
[BlackFideId "14176688"]
[WhiteElo "2466"]
[BlackElo "2322"]
[Result "1-0"]
[Round "07"]
[TimeControl "180+1"]
[Date "2021.10.19"]
[WhiteClock "0:00:18"]
[BlackClock "0:00:16"]

1. e4 e5 2. Nf3 Nc6 3. Nc3 Nf6 4. d4 exd4 5. Nxd4 Bb4 6. Nxc6 bxc6 7. Bd3 d5 8. exd5 O-O 9. O-O cxd5 10. h3 c6 11. Qf3 Bd6 12. Bf4 Rb8 13. b3 Rb4 14. Ne2 Re8 15. Bxd6 Qxd6 16. Rfe1 Bd7 17. Ng3 Re5 18. Bf5 Rf4 19. Qc3 Rxe1+ 20. Rxe1 Bxf5 21. Qe3 h6 22. Qxa7 Bxc2 23. a4 Bxb3 24. a5 Ne4 25. a6 Nxg3 26. Qb7 Qc5 27. Qb8+ Kh7 28. Qxf4 Ne4 29. Qxf7 Qa5 30. Re3 Qxa6 31. Qf5+ Kh8 32. Rxb3 Qa1+ 33. Kh2 Qa8 34. Qe5 Kh7 35. Rb8 Qa7 36. Qf5+ g6 37. Qf8 Qg7 38. Qc8 Qe5+ 39. g3 h5 40. Rb7+ Kh6 41. Qf8+ 1-0


[Site "https://www.chess.com"]

[Event "Titled Tuesday Blitz October 19 2021"]
[White "Nagy, Gabor"]
[Black "Krsnik Cohar, Ivan Vihor"]
[WhiteFideId "737119"]
[BlackFideId "14520044"]
[WhiteElo "2534"]
[BlackElo "2414"]
[Result "1-0"]
[Round "07"]
[TimeControl "180+1"]
[Date "2021.10.19"]
[WhiteClock "0:01:14"]
[BlackClock "0:00:54"]

1. c4 e5 2. Nc3 Nf6 3. Nf3 Nc6 4. a3 d5 5. cxd5 Nxd5 6. e3 Nxc3 7. bxc3 e4 8. Nd4 Ne5 9. Qa4+ c6 10. Be2 Be7 11. O-O O-O 12. f4 Nd7 13. Qc2 Nf6 14. c4 c5 15. Nb5 a6 16. Nc3 Re8 17. Bb2 Rb8 18. Rad1 b5 19. cxb5 axb5 20. Nxe4 Nxe4 21. Qxe4 Bb7 22. Qf5 Bf8 23. Qg4 c4 24. a4 bxa4 25. Bxc4 Bc8 26. Qh5 g6 27. Bxf7+ Kxf7 28. Qxh7+ Ke6 29. Qxg6+ Kd7 30. Be5 Re6 31. Qd3+ Bd6 32. Ra1 Ba6 33. Qxa6 Bxe5 34. Qxa4+ Ke7 35. fxe5 Rbb6 36. Qh4+ Kd7 37. Ra7+ 1-0


[Site "https://www.chess.com"]

[Event "Titled Tuesday Blitz October 19 2021"]
[White "Nakamura, Hikaru"]
[Black "Demchenko, Anton"]
[WhiteFideId "2016192"]
[BlackFideId "4160258"]
[WhiteElo "2884"]
[BlackElo "2583"]
[Result "1-0"]
[Round "07"]
[TimeControl "180+1"]
[Date "2021.10.19"]
[WhiteClock "0:00:38"]
[BlackClock "0:00:21"]

1. e4 e5 2. Nc3 Nf6 3. g3 d5 4. exd5 Nxd5 5. Bg2 Nxc3 6. bxc3 Bd6 7. Nf3 O-O 8. O-O Nd7 9. Re1 Re8 10. d4 exd4 11. cxd4 Rxe1+ 12. Nxe1 Nf6 13. c4 Bg4 14. Qb3 Rb8 15. Nc2 c5 16. h3 Bd1 17. Be3 Bxc2 18. Qxc2 Qc7 19. Rd1 h6 20. dxc5 Bxc5 21. Bf4 Qc8 22. Bxb8 Qxb8 23. Rd3 b6 24. Bd5 Qe5 25. Kg2 g6 26. Rd2 Kg7 27. Qb2 Qf5 28. Re2 Bd6 29. Re3 h5 30. Rf3 Qe5 31. Qxe5 Bxe5 32. Ra3 Bb8 33. Bc6 Kf8 34. f4 Ke7 35. Kf3 Kd6 36. Bb5 a5 37. Re3 h4 38. g4 g5 39. fxg5 Nh7 40. Kf4 Nf8 41. Kf5 Ne6 42. Kf6 Bc7 43. Rxe6+ fxe6 44. g6 1-0


[Site "https://www.chess.com"]

[Event "Titled Tuesday Blitz October 19 2021"]
[White "Nguyen, Ngoc Truong Son"]
[Black "Shkapenko, Pavel"]
[WhiteFideId "12401110"]
[BlackFideId "4151933"]
[WhiteElo "2596"]
[BlackElo "2386"]
[Result "1-0"]
[Round "07"]
[TimeControl "180+1"]
[Date "2021.10.19"]
[WhiteClock "0:00:03"]
[BlackClock "0:00:20"]

1. d4 Nf6 2. Nf3 e6 3. Bf4 c5 4. e3 cxd4 5. exd4 b6 6. Nc3 Bb4 7. Bd3 O-O 8. O-O Bb7 9. Bg5 Bxc3 10. bxc3 d6 11. Nd2 Nbd7 12. c4 Rc8 13. f4 Qc7 14. Qe2 Rfe8 15. Rae1 Qc6 16. Qf2 h6 17. h3 hxg5 18. fxg5 Rf8 19. gxf6 Nxf6 20. Re3 g6 21. d5 exd5 22. Qxf6 dxc4 23. Be4 Qc5 24. Qf2 d5 25. Bf3 Rcd8 26. Re5 Qc7 27. Rfe1 d4 28. Bxb7 Qxb7 29. Ne4 d3 30. cxd3 cxd3 31. Nf6+ Kg7 32. Ng4 Qc6 33. Qb2 Kh7 34. Nf6+ Kh6 35. Ng4+ Kh7 36. Rc1 Qd6 37. Rd5 Qe7 38. Rxd8 Rxd8 39. Qd2 Kg8 40. Re1 Qc5+ 41. Kh1 Qd4 42. Kh2 Rc8 43. Re3 Rd8 44. Rg3 Qd6 45. Nh6+ Kf8 46. Ng4 Qc7 47. Nf2 Qc2 48. Qh6+ Kg8 49. Ng4 Qc3 50. Rf3 Rd6 51. Re3 Qc8 52. Qf4 Qd8 53. Nh6+ Kh7 54. Nxf7 Qf6 55. Qxd6 Qxd6+ 56. Nxd6 1-0


[Site "https://www.chess.com"]

[Event "Titled Tuesday Blitz October 19 2021"]
[White "Nogerbek, Kazybek"]
[Black "Vallejo Diaz, Javier"]
[WhiteFideId "13710427"]
[BlackFideId "2256398"]
[WhiteElo "2436"]
[BlackElo "2651"]
[Result "1-0"]
[Round "07"]
[TimeControl "180+1"]
[Date "2021.10.19"]
[WhiteClock "0:00:57"]
[BlackClock "0:00:28"]

1. d4 d5 2. c4 c6 3. Nc3 Nf6 4. Nf3 dxc4 5. a4 Bf5 6. Ne5 Nbd7 7. Nxc4 Nd5 8. f3 e5 9. e4 Nxc3 10. bxc3 Be6 11. Be2 Be7 12. O-O O-O 13. Nxe5 Nxe5 14. dxe5 Qa5 15. Be3 Rfd8 16. Qc1 Qxe5 17. Kh1 f5 18. Bd4 Qa5 19. Qe3 Re8 20. exf5 Bxf5 21. Bc4+ Kh8 22. Rfe1 Bg6 23. Qxe7 Rxe7 24. Rxe7 Rg8 25. Bxg8 Kxg8 26. Rxg7+ Kf8 27. Rxb7 c5 28. Rb5 Qa6 29. Bxc5+ Kf7 30. Bd4 Qe6 31. Rb7+ Ke8 32. Rxa7 Qb3 33. a5 Bd3 34. Re1+ Kd8 35. Bb6+ 1-0


[Site "https://www.chess.com"]

[Event "Titled Tuesday Blitz October 19 2021"]
[White "Nozdrachev, Leonid"]
[Black "Bordi, Kevin"]
[WhiteFideId "24113433"]
[BlackFideId "621862"]
[WhiteElo "2124"]
[BlackElo "2743"]
[Result "1/2-1/2"]
[Round "07"]
[TimeControl "180+1"]
[Date "2021.10.19"]
[WhiteClock "0:00:51"]
[BlackClock "0:00:33"]

1. e4 d5 2. exd5 Qxd5 3. Nc3 Qa5 4. d4 Nf6 5. Nf3 Nc6 6. Bb5 Ne4 7. Rb1 Bd7 8. d5 Nb8 9. Bd3 Nf6 10. b4 Qb6 11. Be3 Qd6 12. Bc5 Qf4 13. O-O Bg4 14. Re1 Nbd7 15. Qe2 Bxf3 16. gxf3 O-O-O 17. Be3 Qh4 18. Nb5 Nxd5 19. Be4 e6 20. Nxa7+ Kb8 21. b5 Bd6 22. Nc6+ Kc8 23. Na7+ Kb8 24. Nc6+ Kc8 25. Na7+ Kb8 1/2-1/2


[Site "https://www.chess.com"]

[Event "Titled Tuesday Blitz October 19 2021"]
[White "Obolenskikh, Dmitry"]
[Black "Sydoryka, Vladyslav"]
[WhiteFideId "4156013"]
[BlackFideId "14145928"]
[WhiteElo "2541"]
[BlackElo "2282"]
[Result "1-0"]
[Round "07"]
[TimeControl "180+1"]
[Date "2021.10.19"]
[WhiteClock "0:02:31"]
[BlackClock "0:02:24"]

1. Nf3 d5 2. e3 Nf6 3. c4 e6 4. b3 Be7 5. Bb2 O-O 6. Nc3 c5 7. cxd5 exd5 8. d4 Nc6 9. Be2 Bg4 10. dxc5 Bxc5 11. O-O Re8 12. Rc1 Bd6 13. Nb5 Bb8 14. h3 Bh5 15. Nbd4 Ne5 16. Nxe5 Bxe5 17. Bxh5 1-0


[Site "https://www.chess.com"]